 Dungeon Crawl Stone Soup version 0.24.0-13-gcf9b319 (webtiles) character file.

Game seed: 5374182429976415167, levelgen mode: deterministic

998 Fang the Skirmisher (level 8, 0/51 HPs)
             Began as a Gargoyle Berserker on Dec 5, 2019.
             Was an Elder of Trog.
             Killed by nerve-wracking pain
             ... invoked by Menkaure
              (5 damage)
             ... on level 6 of the Dungeon.
             The game lasted 00:04:34 (6498 turns).

Fang the Skirmisher (Gargoyle Berserker)            Turns: 6498, Time: 00:04:35

Health: 0/51       AC: 11    Str: 22    XL:     8   Next: 19%
Magic:  8/8        EV: 13    Int:  9    God:    Trog [****..]
Gold:   277        SH:  0    Dex:  9    Spells: 7/7 levels left

rFire    + . .     SeeInvis .   a - +0 hand axe
rCold    . . .     Gourm    .   (no shield)
rNeg     + . .     Faith    .   b - +0 animal skin
rPois    ∞         Spirit   .   (no helmet)
rElec    +         Reflect  .   (no cloak)
rCorr    .         Harm     .   (no gloves)
MR       .....                  o - +2 pair of boots
Stlth    +.........             m - amulet of regeneration
HPRegen  0.57/turn              w - ring of protection from fire
MPRegen  0.11/turn              (no ring)

@: berserk cooldown, slowed, very slow
A: negative energy resistance 1, electricity resistance, unbreathing,
petrification resistance, rot immunity, AC +5
a: Berserk, Trog's Hand, Brothers in Arms, Renounce Religion


You were on level 6 of the Dungeon.
You worshipped Trog.
Trog was greatly pleased with you.
You were very hungry.

You visited 2 branches of the dungeon, and saw 7 of its levels.

You collected 277 gold pieces.

Inventory:

Hand Weapons
 a - a +0 hand axe (weapon)
Armour
 b - a +0 animal skin (worn)
 o - a +2 pair of boots (worn)
Jewellery
 k - an uncursed amulet of the acrobat
 m - an amulet of regeneration (around neck)
 w - a ring of protection from fire (left hand)
Scrolls
 d - 6 scrolls of identify {unknown}
 e - a scroll of immolation {unknown}
 f - 3 scrolls of enchant weapon {unknown}
 g - a scroll of amnesia {unknown}
 h - 4 scrolls of enchant armour {unknown}
 i - 4 scrolls of teleportation {unknown}
 j - 2 scrolls of blinking {unknown}
 q - 6 scrolls of remove curse {unknown}
 r - a scroll of noise {unknown}
Potions
 l - a potion of resistance {unknown}
 n - a potion of lignification {unknown}
 p - a potion of curing {unknown}
 s - a potion of magic {unknown}
 u - a potion of might {unknown}
 v - a potion of brilliance {unknown}
Comestibles
 c - 8 rations
 t - 4 chunks of flesh


   Skills:
 + Level 6.0 Fighting
 + Level 5.0 Axes
 + Level 5.4 Armour
 + Level 4.1 Dodging


You had 7 spell levels left.
You didn't know any spells.
Your spell library was empty.

Dungeon Overview and Level Annotations

Branches:
Dungeon (6/15)             Temple (1/1) D:6

Altars:
Ashenzari
Makhleb
Wu Jian
The Shining One

Annotations:
D:4 3 runed translucent doors, Ekaitz's ghost, amateur DgAE
D:6 Menkaure


Innate Abilities, Weirdness & Mutations

You are resistant to torment.
Your stone body is resilient. (AC +5)
You are immune to poison.
You resist negative energy. (rN+)
You are resistant to electric shocks. (rElec)
You can survive without breathing.
You are immune to petrification.
You are immune to rotting.


Message History

Menkaure barely misses you. The worker ant barely misses you.
You see here an arrow.
You feel a strong urge to attack something.
The killer bee stings you.
* * * LOW HITPOINT WARNING * * *
The killer bee stings you but does no damage.
Menkaure hits you!
* * * LOW HITPOINT WARNING * * *
The killer bee closely misses you.
The killer bee stings you but does no damage.
You feel your anger nearly subside.
A gnoll comes into view. It is wielding a +0 spear.
The gnoll shouts!
Found a stone staircase leading up.
You are no longer berserk.
You are exhausted.
You feel yourself slow down.
Menkaure points at you and mumbles some strange words.
Pain shoots through your body!
You die...

#. ##.........###....
##..#........#########
....##........#.######
.....#.........#.#..#
##......(....#.......
####....aM.(....#.......
#<.......Z......#.......
#.........y.....#.......
#.<..@yyyc............
..........###.......<(.#
....#..................#
.## #...##..............
.....# ##............
g.##..# .....#...... .##
.... ....##..... .....
... ##.### .. ..#


You could see Menkaure, a centaur, a worker ant, 4 killer bees and a giant
cockroach zombie.

Vanquished Creatures
  The ghost of qdestroyer the Shield-Bearer, an amateur MiFi (D:3)
  A phantom (D:5)
  An ogre (D:6)
  A centaur (D:5)
  2 hounds
  A jelly (D:5)
  An orc wizard (D:5)
  An orc priest (D:4)
  An iguana (D:4)
  6 worker ants
  10 gnolls
  9 adders
  2 oozes
  2 adder skeletons
  4 worms
  4 dart slugs
  3 leopard geckos
  17 orcs
  9 giant cockroaches
  8 goblins
  7 hobgoblins
  5 jackals
  10 kobolds
  2 quokkas
  2 ball pythons
  11 bats
  4 frilled lizards
  A jackal skeleton (D:5)
  A leopard gecko skeleton (D:4)
  6 rats
133 creatures vanquished.

Notes
Turn   | Place    | Note
-------+----------+-------------------------------------------
     0 | D:1      | Fang the Gargoyle Berserker began the quest for the Orb.
     0 | D:1      | Reached XP level 1. HP: 14/14 MP: 1/1
   141 | D:1      | Reached XP level 2. HP: 9/19 MP: 2/2
   786 | D:1      | Reached XP level 3. HP: 17/23 MP: 3/3
   798 | D:1      | Reached ** piety under Trog
  1255 | D:2      | Reached XP level 4. HP: 21/29 MP: 4/4
  1706 | D:2      | Reached skill level 4 in Fighting
  2506 | D:2      | Reached XP level 5. HP: 28/33 MP: 5/5
  2642 | D:3      | Reached *** piety under Trog
  2965 | D:3      | Found a runed translucent door.
  3052 | D:3      | Noticed qdestroyer's ghost (amateur MiFi)
  3662 | D:3      | Killed qdestroyer's ghost
  3662 | D:3      | Reached XP level 6. HP: 39/39 MP: 6/6
  4214 | D:4      | Noticed Ekaitz's ghost (amateur DgAE)
  4221 | D:4      | Found a runed translucent gate.
  4221 | D:4      | Found a runed translucent gate.
  4221 | D:4      | Found a runed translucent gate.
  4555 | D:4      | Reached skill level 5 in Fighting
  4639 | D:4      | Reached XP level 7. HP: 44/44 MP: 7/7
  4640 | D:4      | Reached **** piety under Trog
  5309 | D:5      | Entered Level 5 of the Dungeon
  5866 | D:5      | Reached skill level 5 in Armour
  6239 | D:5      | Reached XP level 8. HP: 41/51 MP: 8/8
  6330 | D:6      | Received a gift from Trog
  6356 | D:6      | Found a staircase to the Ecumenical Temple.
  6375 | D:6      | Reached skill level 6 in Fighting
  6378 | Temple   | Entered the Ecumenical Temple
  6468 | D:6      | Reached skill level 5 in Axes
  6486 | D:6      | Noticed Menkaure
  6498 | D:6      | Killed from afar by Menkaure

Levels and vault maps discovered:
D:1:      shiori_angband_town, layout_basic
D:2:      layout_basic
D:3:      layout_loops_corners, first_ration, ebering_ghost_sewer_d
D:4:      minmay_skewed_foursquare, layout_layer_cave, gammafunk_ghost_split
D:5:      layout_loops_ring, serial_co_window_serial,
          co_window_of_opportunity_a, co_window_paths_a, co_window_paths_b,
          co_window_corner_a, co_window_corner_a, co_window_cross_4,
          co_window_of_opportunity_b, co_window_broadway_a,
          co_window_unsneaky_path_b, glass_columns_b, glass_columns_a,
          hangedman_decor_push
D:6:      layout_cave_pools, marbit_many_paths, minmay_temple_entry_tees,
          minmay_fountain_box, uniq_menkaure
Temple:   nicolae_temple_the_god_donut

Skill      XL: |  1  2  3  4  5  6  7  8 |
---------------+-------------------------+-----
Axes           | 3 4 5 |  5.0
Dodging        | 2 3 4 |  4.1
Armour         | 3 4 5 |  5.4
Fighting       | 4 5 6 |  6.0

Action                   |  1- 3 |  4- 6 |  7- 9 || total
-------------------------+-------+-------+-------++-------
Melee: Hand axe          |    98 |   313 |   199 ||   610
Invok: Berserk           |     1 |     4 |     4 ||     9
       Trog's Hand       |       |     1 |       ||     1
 Stab: Sleeping          |       |       |     3 ||     3
  Eat: Chunk             |     1 |    15 |    10 ||    26
Armor: Animal skin       |    45 |   120 |    82 ||   247
Dodge: Dodged            |    87 |   229 |   150 ||   466
